AoeStats
← 海恩.塞弗罗

MegaRandom

509055731Analyzed
4v4 RM · 7d ago on Sep 25, 2026· 39m 31s· 8 players
Game mode
Random Map
Map size
Large (8 player)
Population
200
Speed
Normal
Resources
Standard
Victory
Conquest
Starting age
Dark Age
Ending age
Imperial Age
RankedLock teamsTeams togetherTeam positionsShared explorationLock speedFull tech treeHidden civsTurbo modeCheats
Victory
Defeat
🇳🇿 Dravidians · New Zealand
969
+12
🇨🇭 Varangians · Switzerland
942
+13
🇹🇼 Teutons · Taiwan
862
+16
🇨🇳 Mapuche · China
856
+17
🇩🇪 Hindustanis · Germany
959
-17
🇨🇳 Japanese · China
910
-16
🇨🇳 Koreans · China
879
-15
🇨🇳 Goths · China
762
-10
不動游星
9:50 Feudal Age
17:59 Castle Age
16:43 Horse Collar
16:50 Double-Bit Axe
19:05 Heavy Plow
31:38 Imperial Age
29:53 Wheelbarrow
32:51 Hand Cart
33:41 Crenellations
33:55 Bow Saw
36:34 Crop Rotation
37:51 Conscription
the naked man
1:06 Loom
12:27 Feudal Age
17:18 Castle Age
16:44 Forging
16:34 Scale Mail Armor
16:26 Fletching
16:36 Padded Archer Armor
20:28 Wheelbarrow
19:42 Double-Bit Axe
25:49 Murder Holes
26:15 Ballistics
25:36 Treadmill Crane
27:33 Stone Mining
27:54 Gold Mining
29:24 Bloodlines
29:15 Husbandry
29:13 Town Watch
30:31 Bodkin Arrow
36:13 Imperial Age
34:24 Horse Collar
35:03 Scale Barding Armor
38:32 Chemistry
37:39 Siege Engineers
38:12 Conscription
Homelander
9:21 Feudal Age
9:29 Champi Runner
15:20 Forging
18:50 Scale Mail Armor
20:46 Horse Collar
22:04 Double-Bit Axe
25:21 Castle Age
24:02 Gold Mining
25:26 Arson
25:35 Champi Warrior
26:59 Chain Mail Armor
33:16 Iron Casting
34:06 Heavy Plow
34:36 Bow Saw
42:05 Imperial Age
Moderate AI
11:54 Feudal Age
10:11 Loom
13:33 Double-Bit Axe
20:04 Castle Age
18:59 Fletching
19:09 Padded Archer Armor
39:05 Town Watch
葛津津
5:51 Loom
12:54 Feudal Age
24:16 Gold Mining
32:30 Castle Age
32:19 Horse Collar
33:37 Elite Skirmisher
35:11 Double-Bit Axe
38:35 Eupseong
海恩.塞弗罗
12:17 Feudal Age
13:51 Horse Collar
14:00 Double-Bit Axe
17:34 Castle Age
23:58 Stone Mining
32:26 Wheelbarrow
31:37 Loom
31:38 Town Watch
39:11 Forging
39:01 Scale Mail Armor
QiQiKaKaGuGu
5:20 Loom
11:35 Feudal Age
16:00 Castle Age
24:32 Double-Bit Axe
24:28 Horse Collar
24:40 Gold Mining
24:41 Stone Mining
30:14 Imperial Age
30:44 Husbandry
30:54 Bloodlines
32:05 Chemistry
33:19 Heavy Camel Rider
huh?
6:45 Loom
11:09 Feudal Age
16:35 Castle Age
14:58 Horse Collar
17:46 Forging
21:46 Wheelbarrow
26:14 Scale Mail Armor
Connection lost

Rejoining the realm…

Still unreachable

The connection could not be restored.

Session expired

The server has moved on; the page needs a fresh start.